Construct Infanterie Kompanie
Selects Mechanized Battlegroup
Construct Luftwaffe Kompanie
Selects StuG Assault Group
Selects UNKNOWN (2160084)
Selects Mobile Repair Stations
Construct Panzergrenadier Kompanie
Nebelwerfer 42 Rocket Launcher Team
Selects Wespe Self-propelled Artillery
Wespe Self-propelled Artillery
Nebelwerfer 42 Rocket Launcher Team
Construct Panzer Kompanie
Selects Zeroing Artillery Barrage